[ AOE2 MATCH · #480075442 ]
UnrankedWei vs Cumans
[ REPLAY ANALYSIS · EXTRACTED FROM THE RECORDED GAME ]
Feudal
15:09
Castle
20:08
Imperial
37:46
| APM avg | 23.8 |
| APM peak | 60 |
| eAPM avg | 15.4 |
| Villagers / military | 164 / 0 |
Focus
⚔️ 27.1% · 🌾 72.9%
Unknown (1949) ×135 · Unknown (1942) ×3
Feudal
12:41
Castle
23:43
Imperial
41:38
| APM avg | 49.0 |
| APM peak | 80 |
| eAPM avg | 32.3 |
| Villagers / military | 193 / 213 |
Focus
⚔️ 38.2% · 🌾 61.8%
Spearman ×148 · Monk ×21 · Battering Ram ×21 · Scout Cavalry ×12 · Militia ×5 · Mangonel ×4
Feudal
15:08
Castle
19:06
Imperial
43:22
| APM avg | 38.5 |
| APM peak | 71 |
| eAPM avg | 21.9 |
| Villagers / military | 204 / 164 |
Focus
⚔️ 36.9% · 🌾 63.1%
Knight ×83 · Militia ×72 · Battering Ram ×6 · Monk ×3
Feudal
14:19
Castle
26:31
Imperial
—
| APM avg | 27.1 |
| APM peak | 69 |
| eAPM avg | 17.1 |
| Villagers / military | 193 / 43 |
Focus
⚔️ 20.7% · 🌾 79.3%
Elephant Archer ×27 · Archer ×10 · Skirmisher ×5 · Spearman ×1
Feudal
14:41
Castle
18:21
Imperial
41:20
| APM avg | 42.9 |
| APM peak | 84 |
| eAPM avg | 27.2 |
| Villagers / military | 251 / 76 |
Focus
⚔️ 33.5% · 🌾 66.5%
Jaguar Warrior ×28 · Mangonel ×27 · Scorpion ×9 · Monk ×7 · Trebuchet (Packed) ×3 · Spearman ×2
Feudal
14:50
Castle
18:26
Imperial
40:25
| APM avg | 25.7 |
| APM peak | 52 |
| eAPM avg | 11.6 |
| Villagers / military | 133 / 78 |
Focus
⚔️ 21.8% · 🌾 78.2%
War Wagon ×40 · Fire Lancer ×29 · Battering Ram ×5 · Bombard Cannon ×3 · Iron Pagoda ×1
Feudal
14:46
Castle
18:41
Imperial
41:10
| APM avg | 41.0 |
| APM peak | 74 |
| eAPM avg | 20.3 |
| Villagers / military | 148 / 185 |
Focus
⚔️ 40.4% · 🌾 59.6%
Arambai ×184 · Monk ×1
Feudal
14:54
Castle
18:48
Imperial
—
| APM avg | 36.2 |
| APM peak | 86 |
| eAPM avg | 23.3 |
| Villagers / military | 136 / 87 |
Focus
⚔️ 26.3% · 🌾 73.7%
Camel Scout ×50 · Janissary ×27 · Monk ×7 · Petard ×2 · Spearman ×1
Match map
Initial resources + every placement click. Lines = walls · curves = elevation contours. ◆ gold · ⬟ stone · ● berries · ✦ relic · ◌ wall gap
Your base· ✓ Closed at 20:08 · 29t walls · no gate
Water's base· Open — unwalled flank
MrWrong's base· Open — unwalled flank
BraveHeart's base· Open — unwalled flank
Kappa's base· Open — 6t gap
pints007's base· Open — unwalled flank
_kill3rJ's base· Open — unwalled flank
delusion's base· Open — unwalled flank
Smoothed initial terrain · ◌ = detected wall gap · hover for details
Inputs per minute
— dopefish - - Water
Build order — dopefish
First 150 of 433 actions detected
| 0:03 | Build | Town Center |
| 0:22 | Build | House |
| 2:18 | Research | Loom |
| 2:18 | Create | Villager (Male) |
| 2:19 | Create | Villager (Male) |
| 2:19 | Create | Villager (Male) |
| 2:19 | Create | Villager (Male) |
| 2:19 | Create | Villager (Male) |
| 3:39 | Create | Villager (Male) |
| 4:28 | Build | House |
| 4:31 | Create | Villager (Male) |
| 4:31 | Create | Villager (Male) |
| 4:50 | Build | House |
| 5:02 | Create | Villager (Male) |
| 5:02 | Create | Villager (Male) |
| 5:36 | Create | Villager (Male) |
| 5:36 | Create | Villager (Male) |
| 6:06 | Create | Villager (Male) |
| 6:06 | Create | Villager (Male) |
| 6:15 | Build | House |
| 6:20 | Create | Villager (Male) |
| 6:20 | Create | Villager (Male) |
| 6:48 | Build | Palisade Wall |
| 6:54 | Build | Palisade Wall |
| 7:23 | Create | Villager (Male) |
| 7:23 | Create | Villager (Male) |
| 7:51 | Create | Villager (Male) |
| 8:00 | Build | Mill |
| 8:14 | Create | Villager (Male) |
| 9:08 | Create | Villager (Male) |
| 9:19 | Create | Villager (Male) |
| 9:41 | Build | House |
| 9:52 | Build | Farm |
| 10:00 | Create | Villager (Male) |
| 10:04 | Build | Farm |
| 10:16 | Build | House |
| 10:23 | Build | Farm |
| 10:29 | Create | Villager (Male) |
| 10:38 | Build | Farm |
| 10:41 | Build | Farm |
| 10:44 | Create | Villager (Male) |
| 10:54 | Build | Palisade Wall |
| 11:13 | Create | Villager (Male) |
| 11:34 | Build | Mill |
| 12:09 | Create | Villager (Male) |
| 12:14 | Build | Lumber Camp |
| 12:17 | Create | Villager (Male) |
| 12:58 | Research | Feudal Age |
| 13:49 | Build | House |
| 14:40 | Build | Barracks |
| 14:46 | Create | Villager (Male) |
| 15:00 | Build | House |
| 15:09 | Age | Feudal Age |
| 15:22 | Build | Stable |
| 15:26 | Create | Villager (Male) |
| 15:42 | Build | Mining Camp |
| 15:57 | Create | Villager (Male) |
| 16:24 | Build | Blacksmith |
| 16:28 | Create | Villager (Male) |
| 17:03 | Create | Villager (Male) |
| 17:06 | Build | House |
| 17:08 | Build | House |
| 17:10 | Build | House |
| 17:23 | Research | Castle Age |
| 17:42 | Research | Double-Bit Axe |
| 18:26 | Build | Farm |
| 18:33 | Research | Horse Collar |
| 19:12 | Build | Farm |
| 19:49 | Create | Villager (Male) |
| 20:08 | Age | Castle Age |
| 20:10 | Build | Town Center |
| 20:24 | Create | Villager (Male) |
| 20:36 | Create | Villager (Male) |
| 21:10 | Build | Town Center |
| 21:11 | Create | Villager (Male) |
| 21:26 | Create | Villager (Male) |
| 21:29 | Research | Bow Saw |
| 21:29 | Research | Bow Saw |
| 21:54 | Create | Villager (Male) |
| 22:17 | Build | Outpost |
| 22:19 | Create | Villager (Male) |
| 22:20 | Create | Villager (Male) |
| 22:20 | Create | Villager (Male) |
| 22:21 | Create | Villager (Male) |
| 22:28 | Create | Villager (Male) |
| 22:33 | Create | Villager (Male) |
| 22:44 | Build | Palisade Gate |
| 22:52 | Build | Farm |
| 23:08 | Create | Villager (Male) |
| 23:10 | Build | Farm |
| 23:12 | Build | Farm |
| 23:14 | Build | Farm |
| 23:17 | Build | Farm |
| 23:18 | Create | Villager (Male) |
| 23:32 | Build | Castle |
| 23:35 | Research | Scale Barding Armor |
| 23:35 | Research | Forging |
| 23:42 | Create | Villager (Male) |
| 23:55 | Build | Farm |
| 23:58 | Build | Farm |
| 23:59 | Build | Farm |
| 23:59 | Build | Farm |
| 23:59 | Build | Farm |
| 24:00 | Build | Farm |
| 24:00 | Build | Farm |
| 24:00 | Build | Farm |
| 24:21 | Create | Villager (Male) |
| 24:22 | Create | Villager (Male) |
| 24:22 | Create | Villager (Male) |
| 24:33 | Research | Bloodlines |
| 24:40 | Build | Farm |
| 24:44 | Build | Farm |
| 24:49 | Create | Villager (Male) |
| 24:52 | Create | Villager (Male) |
| 24:52 | Create | Villager (Male) |
| 24:56 | Build | Farm |
| 25:02 | Create | Villager (Male) |
| 25:07 | Build | Farm |
| 25:11 | Build | Farm |
| 25:16 | Build | Farm |
| 25:20 | Create | Unit 1949 ×2 |
| 25:20 | Create | Unit 1949 ×2 |
| 25:22 | Create | Villager (Male) |
| 25:22 | Create | Villager (Male) |
| 25:31 | Build | Farm |
| 25:32 | Create | Villager (Male) |
| 25:42 | Create | Villager (Male) |
| 25:42 | Create | Villager (Male) |
| 25:51 | Build | Mill |
| 25:52 | Build | Farm |
| 25:52 | Build | Farm |
| 25:52 | Build | Farm |
| 25:52 | Build | Farm |
| 25:53 | Build | Farm |
| 25:53 | Build | Farm |
| 25:56 | Create | Villager (Male) |
| 25:57 | Create | Villager (Male) |
| 26:00 | Create | Unit 1949 |
| 26:01 | Create | Unit 1949 ×2 |
| 26:14 | Build | Farm |
| 26:16 | Create | Villager (Male) |
| 26:23 | Create | Villager (Male) |
| 26:30 | Create | Unit 1949 |
| 26:31 | Create | Villager (Male) |
| 26:44 | Research | Forging |
| 26:59 | Create | Unit 1949 ×2 |
| 26:59 | Create | Unit 1949 ×2 |
| 27:00 | Create | Villager (Male) |
| 27:00 | Create | Villager (Male) |
| 27:10 | Build | Farm |
Build order — Water
First 150 of 645 actions detected
| 0:21 | Build | Town Center |
| 1:52 | Build | House |
| 2:32 | Create | Villager (Male) |
| 2:32 | Create | Villager (Male) |
| 2:33 | Create | Villager (Male) |
| 2:33 | Create | Villager (Male) |
| 3:29 | Build | House |
| 3:35 | Build | House |
| 4:13 | Research | Loom |
| 4:14 | Create | Villager (Male) |
| 4:35 | Create | Villager (Male) |
| 4:36 | Create | Villager (Male) |
| 4:44 | Build | House |
| 4:58 | Create | Villager (Male) |
| 4:58 | Create | Villager (Male) |
| 5:12 | Build | Palisade Wall |
| 5:15 | Build | House |
| 5:22 | Build | House |
| 5:29 | Create | Villager (Male) |
| 5:29 | Create | Villager (Male) |
| 5:54 | Create | Villager (Male) |
| 5:56 | Create | Villager (Male) |
| 5:56 | Create | Villager (Male) |
| 6:12 | Create | Villager (Male) |
| 6:28 | Build | Palisade Wall |
| 6:32 | Build | House |
| 6:41 | Build | Palisade Wall |
| 6:47 | Create | Villager (Male) |
| 6:55 | Build | House |
| 7:12 | Create | Villager (Male) |
| 7:27 | Create | Villager (Male) |
| 7:43 | Create | Villager (Male) |
| 7:55 | Build | Mill |
| 7:56 | Create | Villager (Male) |
| 8:02 | Create | Villager (Male) |
| 8:40 | Create | Villager (Male) |
| 8:42 | Create | Villager (Male) |
| 8:54 | Create | Villager (Male) |
| 9:00 | Create | Villager (Male) |
| 9:16 | Create | Villager (Male) |
| 9:25 | Create | Villager (Male) |
| 9:31 | Build | Lumber Camp |
| 9:54 | Build | House |
| 10:16 | Research | Feudal Age |
| 11:43 | Build | Barracks |
| 12:12 | Build | House |
| 12:13 | Build | House |
| 12:14 | Build | House |
| 12:41 | Age | Feudal Age |
| 12:44 | Build | Archery Range |
| 12:46 | Create | Villager (Male) |
| 12:48 | Create | Villager (Male) |
| 13:01 | Build | Town Center |
| 13:02 | Create | Villager (Male) |
| 13:10 | Build | House |
| 13:11 | Build | House |
| 13:12 | Build | House |
| 13:22 | Create | Villager (Male) |
| 13:27 | Create | Villager (Male) |
| 13:28 | Research | Loom |
| 13:34 | Research | Double-Bit Axe |
| 13:34 | Research | Double-Bit Axe |
| 13:39 | Build | House |
| 13:40 | Create | Villager (Male) |
| 13:44 | Create | Archer |
| 13:57 | Create | Villager (Male) |
| 14:06 | Create | Villager (Male) |
| 14:12 | Create | Villager (Male) |
| 14:14 | Create | Archer |
| 14:16 | Build | House |
| 14:29 | Create | Villager (Male) |
| 14:43 | Create | Villager (Male) |
| 14:45 | Build | Mill |
| 14:54 | Create | Villager (Male) |
| 14:57 | Create | Villager (Male) |
| 15:08 | Create | Villager (Male) |
| 15:10 | Build | House |
| 15:33 | Research | Horse Collar |
| 15:33 | Research | Horse Collar |
| 15:40 | Build | House |
| 15:41 | Build | House |
| 15:56 | Research | Loom |
| 15:56 | Research | Loom |
| 16:08 | Build | Farm |
| 16:09 | Build | Farm |
| 16:09 | Build | Farm |
| 16:09 | Build | Farm |
| 16:09 | Build | Farm |
| 16:10 | Build | Farm |
| 16:10 | Build | Farm |
| 16:10 | Build | Farm |
| 16:16 | Create | Villager (Male) |
| 16:29 | Create | Villager (Male) |
| 16:37 | Create | Villager (Male) |
| 16:41 | Build | Farm |
| 16:42 | Build | Farm |
| 16:43 | Create | Villager (Male) |
| 16:49 | Build | Palisade Wall |
| 16:51 | Create | Villager (Male) |
| 17:07 | Create | Villager (Male) |
| 17:26 | Create | Villager (Male) |
| 18:13 | Create | Villager (Male) |
| 18:24 | Create | Villager (Male) |
| 18:29 | Build | Blacksmith |
| 18:33 | Create | Villager (Male) |
| 18:52 | Build | Mill |
| 19:00 | Build | House |
| 19:08 | Build | Palisade Wall |
| 19:09 | Create | Villager (Male) |
| 19:13 | Create | Villager (Male) |
| 19:18 | Build | Farm |
| 19:19 | Build | Farm |
| 19:42 | Create | Villager (Male) |
| 20:16 | Build | Stable |
| 20:22 | Build | Farm |
| 20:22 | Build | Farm |
| 20:22 | Build | Farm |
| 20:22 | Build | Farm |
| 20:23 | Build | Farm |
| 20:23 | Build | Farm |
| 20:41 | Create | Villager (Male) |
| 20:45 | Build | Farm |
| 20:53 | Create | Villager (Male) |
| 20:55 | Create | Villager (Male) |
| 20:57 | Create | Scout Cavalry |
| 20:57 | Create | Scout Cavalry |
| 21:00 | Research | Castle Age |
| 21:04 | Create | Scout Cavalry |
| 21:05 | Create | Villager (Male) |
| 21:15 | Create | Scout Cavalry |
| 21:15 | Create | Scout Cavalry |
| 21:20 | Create | Villager (Male) |
| 21:31 | Create | Villager (Male) |
| 21:54 | Create | Villager (Male) |
| 22:04 | Create | Villager (Male) |
| 22:10 | Create | Scout Cavalry |
| 22:10 | Create | Villager (Male) |
| 22:39 | Create | Scout Cavalry |
| 22:42 | Create | Scout Cavalry |
| 22:50 | Create | Scout Cavalry |
| 23:20 | Create | Villager (Male) |
| 23:22 | Build | Farm |
| 23:23 | Build | Farm |
| 23:23 | Build | Farm |
| 23:23 | Build | Farm |
| 23:23 | Build | Farm |
| 23:23 | Build | Farm |
| 23:24 | Create | Villager (Male) |
| 23:33 | Create | Scout Cavalry |
| 23:33 | Create | Scout Cavalry |
Build order — MrWrong
First 150 of 580 actions detected
| 0:23 | Build | Town Center |
| 1:50 | Build | House |
| 2:32 | Create | Villager (Male) |
| 2:32 | Create | Villager (Male) |
| 2:33 | Create | Villager (Male) |
| 2:37 | Create | Villager (Male) |
| 2:37 | Create | Villager (Male) |
| 2:38 | Create | Villager (Male) |
| 3:41 | Build | House |
| 3:58 | Research | Loom |
| 4:12 | Build | House |
| 4:51 | Create | Villager (Male) |
| 4:51 | Create | Villager (Male) |
| 5:12 | Create | Villager (Male) |
| 5:24 | Build | House |
| 5:34 | Create | Villager (Male) |
| 5:47 | Create | Villager (Male) |
| 5:48 | Create | Villager (Male) |
| 6:13 | Create | Villager (Male) |
| 6:49 | Create | Villager (Male) |
| 6:56 | Build | Mule Cart |
| 7:04 | Build | House |
| 7:23 | Create | Villager (Male) |
| 7:24 | Create | Villager (Male) |
| 7:31 | Build | House |
| 7:45 | Create | Villager (Male) |
| 7:50 | Create | Villager (Male) |
| 8:03 | Create | Villager (Male) |
| 8:27 | Create | Villager (Male) |
| 8:45 | Build | House |
| 8:47 | Create | Villager (Male) |
| 8:48 | Create | Villager (Male) |
| 8:49 | Create | Villager (Male) |
| 8:54 | Create | Villager (Male) |
| 9:19 | Build | Palisade Wall |
| 9:25 | Create | Villager (Male) |
| 9:29 | Create | Villager (Male) |
| 9:29 | Create | Villager (Male) |
| 10:02 | Create | Villager (Male) |
| 10:08 | Create | Villager (Male) |
| 10:26 | Build | Palisade Wall |
| 10:26 | Create | Villager (Male) |
| 10:53 | Build | Mill |
| 11:07 | Build | Palisade Wall |
| 11:11 | Create | Villager (Male) |
| 11:43 | Create | Villager (Male) |
| 12:01 | Create | Villager (Male) |
| 12:14 | Build | House |
| 12:33 | Create | Villager (Male) |
| 12:37 | Build | Farm |
| 12:40 | Build | Farm |
| 12:41 | Build | Farm |
| 12:51 | Build | Farm |
| 12:55 | Research | Feudal Age |
| 13:02 | Build | Palisade Wall |
| 14:27 | Build | Barracks |
| 14:40 | Create | Villager (Male) |
| 14:41 | Create | Villager (Male) |
| 14:41 | Create | Villager (Male) |
| 15:08 | Age | Feudal Age |
| 15:12 | Build | Palisade Wall |
| 15:15 | Create | Villager (Male) |
| 15:18 | Build | Stable |
| 15:25 | Build | Blacksmith |
| 16:08 | Build | Mule Cart |
| 16:11 | Research | Double-Bit Axe |
| 16:26 | Research | Castle Age |
| 16:39 | Build | House |
| 16:40 | Build | House |
| 16:41 | Build | House |
| 16:47 | Research | Horse Collar |
| 16:51 | Build | Farm |
| 17:28 | Build | Farm |
| 17:36 | Build | House |
| 17:45 | Build | Palisade Gate |
| 17:54 | Research | Bloodlines |
| 18:18 | Build | Farm |
| 18:23 | Build | Farm |
| 18:32 | Build | Farm |
| 18:39 | Build | Farm |
| 18:45 | Research | Scale Barding Armor |
| 18:48 | Build | Farm |
| 18:59 | Build | Farm |
| 19:02 | Build | Farm |
| 19:06 | Age | Castle Age |
| 19:08 | Create | Knight |
| 19:14 | Build | Monastery |
| 19:18 | Create | Villager (Male) |
| 19:32 | Create | Knight |
| 19:52 | Create | Knight |
| 20:10 | Create | Villager (Male) |
| 20:16 | Create | Knight |
| 20:27 | Create | Monk |
| 20:28 | Create | Villager (Male) |
| 20:31 | Create | Villager (Male) |
| 20:43 | Create | Knight |
| 20:53 | Create | Villager (Male) |
| 21:02 | Create | Knight |
| 21:32 | Create | Villager (Male) |
| 21:37 | Create | Knight |
| 21:49 | Create | Villager (Male) |
| 22:00 | Build | Town Center |
| 22:02 | Create | Knight |
| 22:04 | Create | Villager (Male) |
| 22:10 | Build | Stable |
| 22:15 | Build | Farm |
| 22:20 | Build | Farm |
| 22:31 | Create | Knight |
| 22:40 | Build | House |
| 22:40 | Build | House |
| 22:46 | Create | Knight |
| 22:51 | Build | Farm |
| 23:02 | Create | Villager (Male) |
| 23:24 | Create | Villager (Male) |
| 23:25 | Create | Villager (Male) |
| 23:43 | Create | Villager (Male) |
| 23:45 | Build | House |
| 23:45 | Create | Villager (Male) |
| 23:46 | Create | Villager (Male) |
| 23:50 | Create | Villager (Male) |
| 23:51 | Build | Farm |
| 24:06 | Create | Villager (Male) |
| 24:12 | Create | Monk |
| 24:12 | Create | Monk |
| 24:33 | Create | Knight |
| 24:38 | Create | Knight |
| 24:38 | Create | Knight |
| 24:52 | Create | Villager (Male) |
| 24:56 | Build | House |
| 25:06 | Build | Stable |
| 25:11 | Create | Villager (Male) |
| 25:12 | Create | Villager (Male) |
| 25:12 | Create | Villager (Male) |
| 25:27 | Create | Villager (Male) |
| 25:27 | Create | Villager (Male) |
| 25:36 | Create | Knight |
| 25:39 | Create | Villager (Male) |
| 25:41 | Build | Farm |
| 25:43 | Build | Farm |
| 26:13 | Create | Villager (Male) |
| 26:13 | Create | Villager (Male) |
| 26:19 | Create | Knight |
| 26:38 | Create | Villager (Male) |
| 26:38 | Create | Villager (Male) |
| 26:38 | Create | Villager (Male) |
| 26:51 | Build | Farm |
| 26:54 | Create | Villager (Male) |
| 26:59 | Build | House |
| 27:00 | Build | House |
| 27:02 | Create | Villager (Male) |
Build order — BraveHeart
First 150 of 430 actions detected
| 1:16 | Build | Town Center |
| 1:35 | Build | House |
| 3:53 | Create | Villager (Male) |
| 3:53 | Create | Villager (Male) |
| 4:11 | Create | Villager (Male) |
| 4:11 | Create | Villager (Male) |
| 4:55 | Create | Villager (Male) |
| 5:35 | Build | House |
| 5:50 | Create | Villager (Male) |
| 5:50 | Create | Villager (Male) |
| 6:05 | Create | Villager (Male) |
| 6:05 | Create | Villager (Male) |
| 6:13 | Build | House |
| 6:42 | Create | Villager (Male) |
| 7:09 | Create | Villager (Male) |
| 7:09 | Create | Villager (Male) |
| 7:18 | Build | Mill |
| 7:36 | Create | Villager (Male) |
| 7:36 | Create | Villager (Male) |
| 7:38 | Build | House |
| 7:54 | Create | Villager (Male) |
| 7:58 | Build | House |
| 8:33 | Create | Villager (Male) |
| 8:33 | Create | Villager (Male) |
| 9:15 | Create | Villager (Male) |
| 9:15 | Create | Villager (Male) |
| 9:32 | Create | Villager (Male) |
| 9:32 | Create | Villager (Male) |
| 9:48 | Create | Villager (Male) |
| 10:00 | Build | Outpost |
| 10:04 | Create | Villager (Male) |
| 10:11 | Build | Mining Camp |
| 10:20 | Research | Loom |
| 10:46 | Build | House |
| 11:26 | Build | Outpost |
| 11:31 | Create | Villager (Male) |
| 12:09 | Research | Feudal Age |
| 12:09 | Research | Feudal Age |
| 12:09 | Research | Feudal Age |
| 12:09 | Research | Feudal Age |
| 12:09 | Research | Feudal Age |
| 12:09 | Research | Feudal Age |
| 12:09 | Research | Feudal Age |
| 12:31 | Build | House |
| 12:58 | Build | Barracks |
| 13:37 | Build | Farm |
| 13:42 | Build | Farm |
| 14:04 | Build | Farm |
| 14:17 | Create | Villager (Male) |
| 14:19 | Age | Feudal Age |
| 14:23 | Build | Archery Range |
| 14:30 | Build | Blacksmith |
| 14:32 | Build | House |
| 14:34 | Build | Palisade Wall |
| 14:37 | Create | Villager (Male) |
| 14:41 | Build | Lumber Camp |
| 14:43 | Create | Villager (Male) |
| 14:46 | Build | Farm |
| 14:47 | Build | Farm |
| 14:58 | Build | House |
| 15:13 | Create | Villager (Male) |
| 15:17 | Create | Archer |
| 15:17 | Create | Archer |
| 15:35 | Build | Farm |
| 15:44 | Create | Spearman |
| 15:54 | Create | Villager (Male) |
| 15:59 | Build | Farm |
| 16:00 | Build | Farm |
| 16:02 | Create | Archer |
| 16:05 | Build | Palisade Wall |
| 16:22 | Create | Archer |
| 16:22 | Create | Archer |
| 16:23 | Create | Villager (Male) |
| 16:51 | Create | Archer |
| 16:54 | Create | Villager (Male) |
| 16:58 | Build | Farm |
| 16:59 | Build | Farm |
| 17:28 | Create | Archer |
| 17:28 | Create | Archer |
| 17:29 | Create | Villager (Male) |
| 17:32 | Build | Blacksmith |
| 17:51 | Create | Villager (Male) |
| 17:51 | Create | Villager (Male) |
| 17:54 | Build | Farm |
| 17:54 | Build | Farm |
| 18:24 | Create | Villager (Male) |
| 18:35 | Build | House |
| 18:36 | Build | House |
| 18:45 | Create | Archer |
| 18:45 | Create | Archer |
| 18:50 | Build | House |
| 18:52 | Research | Fletching |
| 19:13 | Create | Villager (Male) |
| 19:23 | Build | Farm |
| 19:55 | Create | Skirmisher |
| 19:56 | Create | Skirmisher |
| 19:57 | Create | Villager (Male) |
| 20:01 | Build | Farm |
| 20:02 | Build | Farm |
| 20:13 | Build | House |
| 20:18 | Create | Villager (Male) |
| 20:23 | Build | Market |
| 20:30 | Build | Palisade Wall |
| 20:33 | Create | Villager (Male) |
| 20:42 | Create | Skirmisher |
| 21:03 | Create | Villager (Male) |
| 21:10 | Build | House |
| 21:45 | Create | Skirmisher |
| 21:45 | Create | Skirmisher |
| 21:46 | Create | Villager (Male) |
| 21:46 | Create | Villager (Male) |
| 22:17 | Build | Watch Tower |
| 22:25 | Create | Villager (Male) |
| 22:32 | Build | Farm |
| 22:40 | Build | Palisade Wall |
| 22:43 | Create | Villager (Male) |
| 23:28 | Build | Palisade Wall |
| 23:51 | Research | Castle Age |
| 23:51 | Research | Castle Age |
| 23:51 | Research | Castle Age |
| 24:06 | Build | House |
| 24:20 | Build | Archery Range |
| 24:23 | Build | Palisade Wall |
| 24:25 | Create | Villager (Male) |
| 24:26 | Create | Villager (Male) |
| 24:33 | Build | Mining Camp |
| 24:37 | Build | Farm |
| 24:46 | Build | House |
| 25:25 | Build | House |
| 26:08 | Build | Watch Tower |
| 26:18 | Build | Farm |
| 26:24 | Build | Farm |
| 26:31 | Age | Castle Age |
| 27:53 | Build | Town Center |
| 28:22 | Create | Villager (Male) |
| 28:23 | Create | Villager (Male) |
| 28:29 | Build | House |
| 29:05 | Create | Villager (Male) |
| 29:05 | Create | Villager (Male) |
| 29:13 | Build | Stone Wall |
| 29:27 | Research | Double-Bit Axe |
| 29:38 | Build | Town Center |
| 30:46 | Build | Farm |
| 30:47 | Build | Farm |
| 30:47 | Build | Farm |
| 30:49 | Create | Villager (Male) |
| 30:49 | Create | Villager (Male) |
| 30:56 | Build | Farm |
| 31:22 | Build | Farm |
| 32:06 | Build | Farm |
Build order — Kappa
First 150 of 520 actions detected
| 0:03 | Build | Town Center |
| 2:22 | Build | House |
| 2:35 | Create | Villager (Male) ×4 |
| 2:35 | Create | Villager (Male) ×4 |
| 4:13 | Create | Villager (Male) |
| 4:25 | Create | Villager (Male) |
| 4:26 | Create | Villager (Male) |
| 4:53 | Build | House |
| 4:54 | Build | Palisade Wall |
| 4:55 | Build | Palisade Wall |
| 5:04 | Build | House |
| 5:10 | Create | Villager (Male) |
| 5:11 | Create | Villager (Male) |
| 5:48 | Create | Villager (Male) |
| 5:50 | Create | Villager (Male) |
| 5:50 | Create | Villager (Male) |
| 6:02 | Create | Villager (Male) |
| 6:02 | Create | Villager (Male) |
| 6:03 | Create | Villager (Male) |
| 6:36 | Build | Mill |
| 6:38 | Create | Villager (Male) |
| 6:38 | Create | Villager (Male) |
| 7:02 | Create | Villager (Male) |
| 7:04 | Create | Villager (Male) |
| 7:14 | Create | Villager (Male) |
| 7:19 | Create | Villager (Male) |
| 7:37 | Create | Villager (Male) |
| 8:06 | Create | Villager (Male) |
| 8:29 | Create | Villager (Male) |
| 8:43 | Create | Villager (Male) |
| 8:55 | Create | Villager (Male) |
| 8:55 | Create | Villager (Male) |
| 8:58 | Create | Villager (Male) |
| 9:02 | Build | House |
| 9:11 | Create | Villager (Male) |
| 9:17 | Build | Palisade Wall |
| 9:31 | Create | Villager (Male) |
| 9:39 | Create | Villager (Male) |
| 10:00 | Create | Villager (Male) |
| 10:24 | Build | House |
| 10:35 | Build | House |
| 10:46 | Build | House |
| 10:47 | Build | Palisade Wall |
| 10:49 | Create | Villager (Male) |
| 11:15 | Build | Palisade Wall |
| 11:19 | Build | Mill |
| 11:45 | Build | House |
| 11:52 | Research | Loom |
| 11:55 | Create | Villager (Male) |
| 12:00 | Build | Lumber Camp |
| 12:10 | Build | Palisade Wall |
| 12:31 | Research | Feudal Age |
| 12:31 | Research | Feudal Age |
| 12:31 | Research | Feudal Age |
| 12:36 | Build | Palisade Gate |
| 12:38 | Build | Palisade Wall |
| 13:09 | Create | Villager (Male) |
| 13:17 | Build | Mill |
| 13:46 | Build | Mining Camp |
| 14:41 | Age | Feudal Age |
| 14:42 | Build | Market |
| 15:02 | Build | Blacksmith |
| 15:12 | Research | Loom |
| 15:41 | Research | Castle Age |
| 15:43 | Research | Double-Bit Axe |
| 15:44 | Research | Double-Bit Axe |
| 16:18 | Build | Watch Tower |
| 16:31 | Research | Gold Mining |
| 16:41 | Create | Villager (Male) |
| 16:49 | Build | Outpost |
| 17:07 | Build | House |
| 17:26 | Build | Outpost |
| 17:37 | Build | Outpost |
| 17:48 | Research | Town Watch |
| 17:48 | Research | Town Watch |
| 17:48 | Create | Villager (Male) |
| 18:21 | Build | Outpost |
| 18:21 | Age | Castle Age |
| 18:25 | Build | Siege Workshop |
| 18:26 | Build | Monastery |
| 18:49 | Create | Villager (Male) |
| 18:57 | Build | Farm |
| 19:01 | Create | Mangonel |
| 19:11 | Create | Monk |
| 19:13 | Create | Mangonel |
| 19:14 | Create | Villager (Male) |
| 19:19 | Build | House |
| 19:25 | Build | Palisade Gate |
| 19:28 | Create | Villager (Male) |
| 19:42 | Build | Palisade Gate |
| 19:54 | Create | Monk |
| 20:10 | Create | Monk |
| 20:20 | Build | Farm |
| 20:21 | Build | Farm |
| 20:25 | Create | Villager (Male) |
| 20:25 | Create | Villager (Male) |
| 20:25 | Create | Villager (Male) |
| 20:35 | Build | Outpost |
| 20:37 | Create | Mangonel |
| 20:38 | Create | Mangonel |
| 20:40 | Create | Monk |
| 20:42 | Build | House |
| 21:00 | Build | Farm |
| 21:10 | Research | Sanctity |
| 21:15 | Build | House |
| 21:20 | Create | Villager (Male) |
| 21:21 | Create | Villager (Male) |
| 21:21 | Create | Villager (Male) |
| 21:28 | Create | Mangonel |
| 21:28 | Create | Mangonel |
| 21:28 | Create | Mangonel |
| 21:33 | Build | Outpost |
| 22:02 | Create | Monk |
| 22:13 | Create | Villager (Male) |
| 22:17 | Create | Monk |
| 22:17 | Create | Monk |
| 22:42 | Create | Mangonel |
| 22:43 | Create | Mangonel |
| 23:14 | Create | Villager (Male) |
| 23:35 | Create | Villager (Male) |
| 23:41 | Build | Farm |
| 23:42 | Build | Farm |
| 24:10 | Build | Farm |
| 24:11 | Build | Farm |
| 24:29 | Build | Farm |
| 24:32 | Build | House |
| 24:33 | Build | House |
| 24:34 | Create | Villager (Male) |
| 24:34 | Create | Villager (Male) |
| 24:34 | Create | Villager (Male) |
| 24:42 | Build | Town Center |
| 24:46 | Build | Town Center |
| 25:07 | Create | Villager (Male) |
| 25:28 | Create | Villager (Male) |
| 25:29 | Create | Villager (Male) |
| 25:29 | Create | Villager (Male) |
| 25:47 | Create | Villager (Male) |
| 25:47 | Create | Villager (Male) |
| 25:47 | Create | Villager (Male) |
| 25:55 | Build | Farm |
| 25:55 | Build | Farm |
| 25:55 | Build | Farm |
| 25:56 | Build | Farm |
| 25:56 | Build | Farm |
| 25:56 | Build | Farm |
| 26:05 | Create | Villager (Male) |
| 26:05 | Create | Villager (Male) |
| 26:06 | Create | Villager (Male) |
| 26:30 | Create | Villager (Male) |
| 26:30 | Create | Villager (Male) |
Build order — pints007
First 150 of 288 actions detected
| 0:25 | Build | Town Center |
| 2:45 | Create | Villager (Male) ×4 |
| 2:51 | Build | House |
| 3:29 | Build | House |
| 3:36 | Research | Loom |
| 3:43 | Create | Villager (Male) ×2 |
| 4:40 | Create | Villager (Male) |
| 5:27 | Create | Villager (Male) |
| 5:52 | Create | Villager (Male) |
| 6:06 | Create | Villager (Male) |
| 6:40 | Create | Villager (Male) ×2 |
| 7:03 | Build | House |
| 7:31 | Create | Villager (Male) ×2 |
| 8:12 | Create | Villager (Male) ×3 |
| 8:54 | Build | Mill |
| 9:33 | Create | Villager (Male) ×5 |
| 9:57 | Build | House |
| 11:02 | Build | Palisade Wall |
| 11:26 | Create | Villager (Male) |
| 11:55 | Create | Villager (Male) |
| 12:04 | Build | Mining Camp |
| 12:11 | Build | House |
| 12:34 | Create | Villager (Male) |
| 12:40 | Research | Feudal Age |
| 13:53 | Build | Mining Camp |
| 14:39 | Create | Villager (Male) |
| 14:40 | Create | Villager (Male) |
| 14:50 | Age | Feudal Age |
| 14:55 | Build | Market |
| 15:00 | Build | Blacksmith |
| 15:46 | Research | Castle Age |
| 16:13 | Build | Lumber Camp |
| 16:37 | Build | Outpost |
| 16:47 | Research | Double-Bit Axe |
| 18:26 | Age | Castle Age |
| 18:36 | Build | Castle |
| 18:39 | Create | Villager (Male) |
| 18:39 | Create | Villager (Male) |
| 18:49 | Build | Town Center |
| 19:01 | Research | Fletching |
| 19:47 | Create | Villager (Male) |
| 19:59 | Create | War Wagon |
| 19:59 | Create | War Wagon |
| 20:13 | Create | Villager (Male) |
| 20:13 | Create | Villager (Male) |
| 20:43 | Build | Siege Workshop |
| 20:56 | Create | War Wagon |
| 21:07 | Create | War Wagon |
| 21:10 | Create | Villager (Male) |
| 21:12 | Create | Villager (Male) |
| 21:12 | Create | Villager (Male) |
| 22:03 | Create | Iron Pagoda |
| 22:22 | Create | Villager (Male) |
| 22:22 | Create | Villager (Male) |
| 22:22 | Create | Villager (Male) |
| 22:22 | Create | Villager (Male) |
| 22:40 | Create | Battering Ram |
| 23:17 | Create | Battering Ram |
| 23:24 | Create | Villager (Male) |
| 23:25 | Create | Villager (Male) |
| 23:25 | Create | Villager (Male) |
| 23:25 | Create | Villager (Male) |
| 23:27 | Create | War Wagon ×2 |
| 23:36 | Build | Farm |
| 23:38 | Build | Farm |
| 23:39 | Build | Farm |
| 24:11 | Create | War Wagon ×2 |
| 25:26 | Build | Town Center |
| 25:48 | Research | Bodkin Arrow |
| 25:50 | Create | Villager (Male) |
| 25:51 | Create | Villager (Male) |
| 25:51 | Create | Villager (Male) |
| 25:55 | Build | Farm |
| 25:55 | Build | Farm |
| 25:55 | Build | Farm |
| 25:56 | Build | Farm |
| 25:56 | Build | Farm |
| 25:56 | Build | Farm |
| 25:56 | Build | Farm |
| 27:03 | Create | Villager (Male) |
| 27:03 | Create | Villager (Male) |
| 27:04 | Create | Villager (Male) |
| 27:14 | Build | Farm |
| 27:15 | Build | Farm |
| 27:15 | Build | Farm |
| 27:15 | Build | Farm |
| 27:15 | Build | Farm |
| 27:16 | Build | Farm |
| 27:16 | Build | Farm |
| 27:16 | Build | Farm |
| 27:16 | Build | Farm |
| 27:35 | Create | War Wagon |
| 27:50 | Research | Bow Saw |
| 28:07 | Create | War Wagon |
| 28:09 | Create | Villager (Male) |
| 28:09 | Create | Villager (Male) |
| 28:09 | Create | Villager (Male) |
| 28:32 | Create | Villager (Male) |
| 28:32 | Create | Villager (Male) |
| 28:33 | Create | Villager (Male) |
| 28:33 | Create | Villager (Male) |
| 28:47 | Create | War Wagon |
| 29:16 | Build | Castle |
| 29:21 | Create | Villager (Male) |
| 29:21 | Create | Villager (Male) |
| 29:21 | Create | Villager (Male) |
| 29:21 | Create | Villager (Male) |
| 29:27 | Build | University |
| 29:30 | Create | War Wagon |
| 29:30 | Create | War Wagon |
| 29:51 | Create | Villager (Male) |
| 29:51 | Create | Villager (Male) |
| 29:51 | Create | Villager (Male) |
| 29:51 | Create | Villager (Male) |
| 30:28 | Create | Battering Ram |
| 30:29 | Create | Battering Ram |
| 30:42 | Create | Villager (Male) |
| 30:42 | Create | Villager (Male) |
| 30:42 | Create | Villager (Male) |
| 30:43 | Create | Villager (Male) |
| 30:43 | Create | Villager (Male) |
| 31:05 | Build | Lumber Camp |
| 31:19 | Create | Villager (Male) |
| 31:28 | Research | Ballistics |
| 31:31 | Create | Villager (Male) |
| 31:31 | Create | Villager (Male) |
| 31:31 | Create | Villager (Male) |
| 31:31 | Create | Villager (Male) |
| 31:32 | Create | Villager (Male) |
| 31:37 | Create | Villager (Male) |
| 31:54 | Create | Battering Ram |
| 32:01 | Create | Villager (Male) |
| 32:02 | Create | Villager (Male) |
| 32:02 | Create | Villager (Male) |
| 32:10 | Build | Farm |
| 32:15 | Research | Horse Collar |
| 32:27 | Create | War Wagon ×2 |
| 32:33 | Create | Villager (Male) |
| 32:34 | Create | Villager (Male) |
| 32:34 | Create | Villager (Male) |
| 32:56 | Create | War Wagon ×2 |
| 33:11 | Build | House |
| 33:11 | Build | House |
| 33:12 | Build | House |
| 33:50 | Create | Villager (Male) |
| 33:50 | Create | Villager (Male) |
| 33:50 | Create | Villager (Male) |
| 33:51 | Create | Villager (Male) |
| 33:51 | Create | Villager (Male) |
| 33:57 | Build | Farm |
Build order — _kill3rJ
First 150 of 495 actions detected
| 0:30 | Build | Town Center |
| 2:01 | Build | House |
| 2:53 | Create | Villager (Male) |
| 2:54 | Create | Villager (Male) |
| 2:54 | Create | Villager (Male) |
| 2:54 | Create | Villager (Male) |
| 2:54 | Create | Villager (Male) |
| 2:55 | Create | Villager (Male) |
| 4:26 | Create | Villager (Male) |
| 4:26 | Create | Villager (Male) |
| 4:26 | Create | Villager (Male) |
| 4:38 | Build | House |
| 4:43 | Create | Villager (Male) |
| 4:43 | Create | Villager (Male) |
| 4:48 | Build | Mill |
| 5:01 | Create | Villager (Male) |
| 5:01 | Create | Villager (Male) |
| 5:55 | Create | Villager (Male) |
| 5:56 | Create | Villager (Male) |
| 5:56 | Create | Villager (Male) |
| 5:56 | Create | Villager (Male) |
| 6:15 | Create | Villager (Male) |
| 6:57 | Create | Villager (Male) |
| 6:58 | Create | Villager (Male) |
| 7:11 | Create | Villager (Male) |
| 7:12 | Create | Villager (Male) |
| 7:12 | Create | Villager (Male) |
| 7:31 | Create | Villager (Male) |
| 7:31 | Create | Villager (Male) |
| 7:35 | Build | House |
| 8:20 | Create | Villager (Male) |
| 8:20 | Create | Villager (Male) |
| 8:29 | Create | Villager (Male) |
| 8:49 | Create | Villager (Male) |
| 8:55 | Build | House |
| 9:00 | Create | Villager (Male) |
| 9:25 | Create | Villager (Male) |
| 9:25 | Create | Villager (Male) |
| 9:39 | Create | Villager (Male) |
| 9:39 | Create | Villager (Male) |
| 9:39 | Create | Villager (Male) |
| 9:45 | Build | House |
| 10:01 | Create | Villager (Male) |
| 10:09 | Create | Villager (Male) |
| 10:22 | Create | Villager (Male) |
| 10:28 | Create | Villager (Male) |
| 10:31 | Create | Villager (Male) |
| 10:47 | Build | Mining Camp |
| 11:46 | Build | Mill |
| 12:01 | Build | Mining Camp |
| 12:06 | Build | Palisade Wall |
| 12:28 | Research | Feudal Age |
| 12:55 | Build | House |
| 13:43 | Create | Villager (Male) |
| 13:44 | Create | Villager (Male) |
| 13:44 | Create | Villager (Male) |
| 13:57 | Build | Palisade Wall |
| 14:38 | Build | Palisade Wall |
| 14:46 | Age | Feudal Age |
| 14:50 | Build | Market |
| 14:54 | Build | Blacksmith |
| 15:30 | Build | House |
| 15:44 | Build | House |
| 16:00 | Research | Castle Age |
| 16:00 | Research | Castle Age |
| 16:26 | Build | Palisade Wall |
| 16:38 | Build | Palisade Wall |
| 17:22 | Research | Horse Collar |
| 17:33 | Build | Palisade Gate |
| 18:13 | Create | Villager (Male) |
| 18:41 | Age | Castle Age |
| 18:47 | Build | Castle |
| 18:50 | Create | Villager (Male) |
| 18:58 | Build | Town Center |
| 19:02 | Create | Villager (Male) |
| 19:08 | Create | Villager (Male) |
| 19:16 | Create | Villager (Male) |
| 19:20 | Build | Monastery |
| 19:24 | Create | Villager (Male) |
| 19:31 | Create | Villager (Male) |
| 19:39 | Create | Villager (Male) |
| 19:51 | Build | Palisade Gate |
| 19:52 | Build | Palisade Wall |
| 20:04 | Create | Villager (Male) |
| 20:08 | Create | Monk |
| 20:16 | Create | Villager (Male) |
| 20:18 | Create | Arambai |
| 20:19 | Create | Arambai |
| 20:19 | Create | Arambai |
| 20:19 | Create | Arambai |
| 20:22 | Create | Villager (Male) |
| 20:46 | Create | Villager (Male) |
| 20:48 | Create | Arambai |
| 20:55 | Build | House |
| 20:55 | Build | House |
| 21:03 | Research | Padded Archer Armor |
| 21:04 | Create | Arambai |
| 21:06 | Create | Villager (Male) |
| 21:21 | Create | Villager (Male) |
| 21:23 | Create | Arambai |
| 21:27 | Create | Arambai |
| 21:35 | Create | Arambai |
| 21:44 | Build | Farm |
| 21:50 | Build | Farm |
| 21:57 | Build | Farm |
| 22:02 | Build | House |
| 22:19 | Create | Arambai |
| 22:21 | Create | Villager (Male) |
| 22:28 | Build | Mining Camp |
| 22:36 | Create | Villager (Male) |
| 22:38 | Build | Farm |
| 22:42 | Build | House |
| 23:04 | Create | Arambai |
| 23:04 | Create | Arambai |
| 23:31 | Create | Arambai |
| 23:31 | Create | Arambai |
| 23:36 | Create | Arambai |
| 23:43 | Create | Villager (Male) |
| 23:47 | Build | Farm |
| 23:47 | Build | Farm |
| 23:49 | Build | Farm |
| 23:57 | Create | Villager (Male) |
| 23:59 | Build | Farm |
| 24:00 | Build | Farm |
| 24:01 | Create | Arambai |
| 24:10 | Build | Farm |
| 24:11 | Build | Farm |
| 24:15 | Create | Arambai |
| 24:17 | Build | Farm |
| 24:26 | Create | Arambai |
| 24:32 | Create | Villager (Male) |
| 24:34 | Create | Villager (Male) |
| 24:36 | Create | Arambai |
| 24:37 | Create | Villager (Male) |
| 24:45 | Create | Arambai |
| 24:45 | Create | Arambai |
| 24:57 | Build | Farm |
| 25:00 | Build | Lumber Camp |
| 25:01 | Create | Arambai |
| 25:17 | Create | Arambai |
| 25:24 | Create | Arambai |
| 25:32 | Create | Arambai |
| 25:46 | Create | Villager (Male) |
| 26:00 | Create | Villager (Male) |
| 26:06 | Create | Villager (Male) |
| 26:09 | Build | Castle |
| 26:16 | Create | Arambai |
| 26:18 | Create | Villager (Male) |
| 26:27 | Create | Arambai |
| 26:44 | Create | Villager (Male) |
Build order — delusion
First 150 of 356 actions detected
| 0:27 | Build | Town Center |
| 2:34 | Create | Villager (Male) |
| 2:34 | Create | Villager (Male) |
| 2:35 | Create | Villager (Male) |
| 2:35 | Create | Villager (Male) |
| 2:35 | Create | Villager (Male) |
| 2:40 | Build | House |
| 4:03 | Build | House |
| 4:24 | Create | Villager (Male) |
| 4:24 | Create | Villager (Male) |
| 4:26 | Create | Villager (Male) |
| 5:11 | Create | Villager (Male) |
| 5:12 | Create | Villager (Male) |
| 5:51 | Create | Villager (Male) |
| 6:12 | Build | House |
| 6:18 | Create | Villager (Male) |
| 6:44 | Create | Villager (Male) |
| 7:01 | Build | House |
| 7:01 | Create | Villager (Male) |
| 7:10 | Build | Outpost |
| 7:16 | Build | Mill |
| 7:25 | Create | Villager (Male) |
| 7:49 | Build | Farm |
| 7:59 | Create | Villager (Male) |
| 8:01 | Build | Farm |
| 8:11 | Build | House |
| 8:26 | Build | Farm |
| 8:33 | Create | Villager (Male) |
| 8:42 | Create | Villager (Male) |
| 8:49 | Build | House |
| 8:58 | Create | Villager (Male) |
| 9:04 | Build | House |
| 9:27 | Create | Villager (Male) |
| 9:30 | Build | House |
| 9:45 | Create | Villager (Male) |
| 10:27 | Create | Villager (Male) |
| 10:33 | Build | Farm |
| 10:47 | Create | Villager (Male) |
| 10:59 | Build | Mining Camp |
| 11:08 | Create | Villager (Male) |
| 11:22 | Build | Mining Camp |
| 11:31 | Create | Villager (Male) |
| 11:35 | Build | Farm |
| 11:55 | Research | Feudal Age |
| 11:57 | Research | Loom |
| 11:57 | Research | Feudal Age |
| 12:32 | Build | Farm |
| 12:35 | Build | Farm |
| 13:01 | Build | Farm |
| 13:03 | Build | Farm |
| 13:15 | Build | House |
| 13:22 | Build | House |
| 14:54 | Age | Feudal Age |
| 14:56 | Build | Market |
| 14:56 | Create | Villager (Male) |
| 15:00 | Build | Blacksmith |
| 15:04 | Create | Villager (Male) |
| 15:13 | Build | House |
| 16:08 | Research | Castle Age |
| 16:08 | Research | Castle Age |
| 16:30 | Build | Outpost |
| 17:17 | Build | Lumber Camp |
| 17:32 | Build | Farm |
| 18:04 | Research | Double-Bit Axe |
| 18:08 | Research | Horse Collar |
| 18:12 | Build | Farm |
| 18:37 | Build | House |
| 18:40 | Build | Palisade Wall |
| 18:48 | Age | Castle Age |
| 18:51 | Build | Castle |
| 18:58 | Create | Villager (Male) |
| 18:59 | Create | Villager (Male) |
| 19:10 | Build | Palisade Wall |
| 19:14 | Create | Villager (Male) |
| 20:03 | Create | Janissary |
| 20:03 | Create | Janissary |
| 20:06 | Create | Villager (Male) |
| 20:09 | Build | House |
| 20:20 | Build | Farm |
| 20:20 | Build | Farm |
| 20:30 | Create | Janissary |
| 20:30 | Create | Janissary |
| 20:36 | Build | Monastery |
| 20:51 | Create | Villager (Male) |
| 20:57 | Create | Janissary |
| 21:18 | Create | Villager (Male) |
| 21:30 | Create | Monk |
| 21:33 | Create | Villager (Male) |
| 21:48 | Create | Janissary |
| 21:49 | Create | Villager (Male) |
| 22:00 | Create | Villager (Male) |
| 22:10 | Create | Monk |
| 22:12 | Create | Villager (Male) |
| 22:36 | Build | Town Center |
| 22:38 | Create | Janissary |
| 22:40 | Create | Villager (Male) |
| 22:40 | Create | Villager (Male) |
| 23:01 | Create | Villager (Male) |
| 23:28 | Build | Palisade Wall |
| 23:30 | Build | Palisade Wall |
| 23:31 | Build | Palisade Wall |
| 23:34 | Build | Palisade Gate |
| 23:41 | Build | Palisade Wall |
| 23:45 | Create | Janissary |
| 23:46 | Create | Janissary |
| 23:46 | Create | Villager (Male) |
| 23:48 | Create | Monk |
| 23:48 | Create | Monk |
| 23:51 | Create | Villager (Male) |
| 24:01 | Build | Farm |
| 24:02 | Build | Farm |
| 24:11 | Create | Villager (Male) |
| 24:43 | Create | Villager (Male) |
| 24:51 | Create | Villager (Male) |
| 24:54 | Create | Villager (Male) |
| 25:03 | Create | Villager (Male) |
| 25:24 | Build | Farm |
| 25:38 | Research | Padded Archer Armor |
| 25:39 | Research | Padded Archer Armor |
| 25:43 | Build | Farm |
| 25:43 | Build | Farm |
| 25:43 | Build | Farm |
| 25:44 | Build | Farm |
| 25:47 | Create | Villager (Male) |
| 25:52 | Create | Monk |
| 25:52 | Create | Monk |
| 26:03 | Create | Janissary |
| 26:03 | Create | Janissary |
| 26:13 | Create | Janissary |
| 26:13 | Create | Janissary |
| 26:17 | Create | Villager (Male) |
| 26:17 | Create | Villager (Male) |
| 26:51 | Create | Villager (Male) |
| 26:52 | Build | Farm |
| 26:53 | Build | Farm |
| 26:56 | Build | Farm |
| 26:56 | Build | Farm |
| 26:57 | Build | Farm |
| 26:57 | Build | Farm |
| 26:57 | Build | Farm |
| 27:02 | Create | Villager (Male) |
| 27:04 | Create | Villager (Male) |
| 27:05 | Create | Villager (Male) |
| 27:20 | Create | Villager (Male) |
| 27:24 | Research | Sanctity |
| 27:49 | Create | Janissary |
| 27:49 | Create | Janissary |
| 27:54 | Create | Villager (Male) |
| 28:03 | Create | Villager (Male) |
| 28:08 | Build | Farm |
Match timeline
| 4:54 | Kappa · wall_segment Palisade Wall x1 |
| 4:55 | Kappa · wall_segment Palisade Wall x2 |
| 5:12 | Water · wall_segment Palisade Wall x1 |
| 6:28 | Water · wall_segment Palisade Wall x1 |
| 6:41 | Water · wall_segment Palisade Wall x1 |
| 6:48 | dopefish · wall_segment Palisade Wall x17 |
| 6:54 | dopefish · wall_segment Palisade Wall x8 |
| 9:17 | Kappa · wall_segment Palisade Wall x8 |
| 9:19 | MrWrong · wall_segment Palisade Wall x12 |
| 10:26 | MrWrong · wall_segment Palisade Wall x11 |
| 10:47 | Kappa · wall_segment Palisade Wall x2 |
| 10:54 | dopefish · wall_segment Palisade Wall x4 |
| 11:02 | pints007 · wall_segment Palisade Wall x9 |
| 11:07 | MrWrong · wall_segment Palisade Wall x4 |
| 11:15 | Kappa · wall_segment Palisade Wall x4 |
| 11:43 | Water · first_building Barracks |
| 12:06 | _kill3rJ · wall_segment Palisade Wall x6 |
| 12:10 | Kappa · wall_segment Palisade Wall x8 |
| 12:38 | Kappa · wall_segment Palisade Wall x1 |
| 12:41 | Water · age_up feudal |
| 12:44 | Water · first_building Archery Range |
| 12:58 | BraveHeart · first_building Barracks |
| 13:02 | MrWrong · wall_segment Palisade Wall x18 |
| 13:57 | _kill3rJ · wall_segment Palisade Wall x12 |
| 14:19 | BraveHeart · age_up feudal |
| 14:23 | BraveHeart · first_building Archery Range |
| 14:27 | MrWrong · first_building Barracks |
| 14:34 | BraveHeart · wall_segment Palisade Wall x1 |
| 14:38 | _kill3rJ · wall_segment Palisade Wall x6 |
| 14:40 | dopefish · first_building Barracks |
| 14:41 | Kappa · age_up feudal |
| 14:46 | _kill3rJ · age_up feudal |
| 14:50 | pints007 · age_up feudal |
| 14:54 | delusion · age_up feudal |
| 15:08 | MrWrong · age_up feudal |
| 15:09 | dopefish · age_up feudal |
| 15:12 | MrWrong · wall_segment Palisade Wall x1 |
| 15:18 | MrWrong · first_building Stable |
| 15:22 | dopefish · first_building Stable |
| 15:41 | Kappa · first_market_sell 100 food |
| 15:43 | pints007 · first_market_sell 100 wood |
| 15:54 | delusion · first_market_buy 100 food |
| 15:59 | delusion · first_market_sell 100 wood |
| 16:05 | BraveHeart · wall_segment Palisade Wall x6 |
| 16:26 | _kill3rJ · wall_segment Palisade Wall x17 |
| 16:38 | _kill3rJ · wall_segment Palisade Wall x1 |
| 16:49 | Water · wall_segment Palisade Wall x10 |
| 18:21 | Kappa · age_up castle |
| 18:25 | Kappa · first_building Siege Workshop |
| 18:26 | pints007 · age_up castle |
| 18:26 | Kappa · first_building Monastery |
| 18:36 | pints007 · first_building Castle |
| 18:40 | delusion · wall_segment Palisade Wall x6 |
| 18:41 | _kill3rJ · age_up castle |
| 18:47 | _kill3rJ · first_building Castle |
| 18:48 | delusion · age_up castle |
| 18:51 | delusion · first_building Castle |
| 19:06 | MrWrong · age_up castle |
| 19:08 | Water · wall_segment Palisade Wall x15 |
| 19:10 | delusion · wall_segment Palisade Wall x5 |
| 19:14 | MrWrong · first_building Monastery |
| 19:20 | _kill3rJ · first_building Monastery |
| 19:52 | _kill3rJ · wall_segment Palisade Wall x1 |
| 20:08 | dopefish · age_up castle |
| 20:16 | Water · first_building Stable |
| 20:30 | BraveHeart · wall_segment Palisade Wall x5 |
| 20:36 | delusion · first_building Monastery |
| 20:43 | pints007 · first_building Siege Workshop |
| 22:40 | BraveHeart · wall_segment Palisade Wall x7 |
| 23:28 | BraveHeart · wall_segment Palisade Wall x4 |
| 23:28 | delusion · wall_segment Palisade Wall x1 |
| 23:30 | delusion · wall_segment Palisade Wall x1 |
| 23:31 | delusion · wall_segment Palisade Wall x1 |
| 23:32 | dopefish · first_building Castle |
| 23:41 | delusion · wall_segment Palisade Wall x1 |
| 23:43 | Water · age_up castle |
| 23:44 | BraveHeart · first_market_sell 100 wood |
| 23:45 | BraveHeart · first_market_buy 100 food |
| 24:23 | BraveHeart · wall_segment Palisade Wall x6 |
| 24:39 | Kappa · first_market_buy 100 stone |
| 25:42 | pints007 · first_market_buy 100 food |
| 25:59 | _kill3rJ · first_market_buy 100 stone |
| 26:11 | Water · first_market_buy 100 stone |
| 26:30 | Water · first_building Siege Workshop |
| 26:31 | BraveHeart · age_up castle |
| 28:52 | Water · first_building Monastery |
| 28:55 | MrWrong · first_market_buy 100 stone |
| 28:57 | Water · wall_segment Palisade Wall x1 |
| 29:13 | BraveHeart · wall_segment Stone Wall x4 |
| 29:20 | delusion · first_building Barracks |
| 29:24 | _kill3rJ · first_building Barracks |
| 29:51 | MrWrong · first_building Siege Workshop |
| 30:00 | delusion · first_building Stable |
| 30:07 | _kill3rJ · first_building Stable |
| 32:12 | _kill3rJ · first_market_sell 100 food |
| 33:05 | delusion · wall_segment Palisade Wall x1 |
| 33:33 | MrWrong · first_market_sell 100 stone |
| 34:25 | dopefish · first_market_sell 100 wood |
| 34:43 | dopefish · first_market_buy 100 stone |
| 37:46 | dopefish · age_up imperial |
| 38:18 | pints007 · first_building Barracks |
| 38:19 | Kappa · first_building Castle |
| 38:23 | Water · first_market_sell 500 wood |
| 38:45 | Kappa · wall_segment Stone Wall x1 |
| 38:47 | Kappa · wall_segment Stone Wall x1 |
| 39:06 | pints007 · first_building Stable |
| 39:37 | dopefish · first_building Siege Workshop |
| 39:52 | pints007 · first_building Archery Range |
| 40:25 | pints007 · age_up imperial |
| 41:00 | BraveHeart · wall_segment Stone Wall x2 |
| 41:05 | BraveHeart · wall_segment Stone Wall x5 |
| 41:10 | _kill3rJ · age_up imperial |
| 41:17 | BraveHeart · wall_segment Stone Wall x2 |
| 41:20 | Kappa · age_up imperial |
| 41:38 | Water · age_up imperial |
| 43:22 | MrWrong · age_up imperial |
| 44:29 | MrWrong · tribute_sent a jugador 1 |
| 44:29 | MrWrong · tribute_sent a jugador 3 |
| 44:29 | MrWrong · tribute_sent a jugador 4 |
| 44:29 | MrWrong · tribute_sent a jugador 5 |
| 44:29 | MrWrong · tribute_sent a jugador 6 |
| 44:29 | MrWrong · tribute_sent a jugador 7 |
| 44:29 | MrWrong · tribute_sent a jugador 8 |
| 44:51 | _kill3rJ · tribute_sent a jugador 1 |
| 44:51 | _kill3rJ · tribute_sent a jugador 2 |
| 44:51 | _kill3rJ · tribute_sent a jugador 3 |
| 44:51 | _kill3rJ · tribute_sent a jugador 4 |
| 44:51 | _kill3rJ · tribute_sent a jugador 5 |
| 44:51 | _kill3rJ · tribute_sent a jugador 7 |
| 44:51 | _kill3rJ · tribute_sent a jugador 8 |
| 44:56 | Kappa · wall_segment Stone Wall x1 |
| 44:56 | MrWrong · first_building Castle |
| 44:58 | Kappa · wall_segment Stone Wall x1 |
| 45:12 | BraveHeart · first_building Stable |
| 45:13 | _kill3rJ · tribute_sent a jugador 1 |
| 45:13 | _kill3rJ · tribute_sent a jugador 2 |
| 45:13 | _kill3rJ · tribute_sent a jugador 3 |
| 45:13 | _kill3rJ · tribute_sent a jugador 4 |
| 45:13 | _kill3rJ · tribute_sent a jugador 5 |
| 45:13 | _kill3rJ · tribute_sent a jugador 7 |
| 45:13 | _kill3rJ · tribute_sent a jugador 8 |
| 45:15 | Kappa · first_building Barracks |
| 45:56 | _kill3rJ · tribute_sent a jugador 1 |
| 45:56 | _kill3rJ · tribute_sent a jugador 2 |
| 45:56 | _kill3rJ · tribute_sent a jugador 3 |
| 45:56 | _kill3rJ · tribute_sent a jugador 4 |
| 45:56 | _kill3rJ · tribute_sent a jugador 5 |
| 45:56 | _kill3rJ · tribute_sent a jugador 7 |
| 45:56 | _kill3rJ · tribute_sent a jugador 8 |
| 47:24 | BraveHeart · first_building Castle |
| 48:23 | Kappa · resign |
[ AI ANALYSIS · 1 CREDIT ]
What really happened in this match?
Wolo.gg analyzes every decision: build order, eco, micro, common mistakes by bracket. Personalized analysis on WhatsApp or Discord in 30 seconds.
Civ guide
Wei
Perfil
Jugador #1963211